 Dungeon Crawl Stone Soup version 0.28.0-47-ge53b351184 (webtiles) character file.

Game seed: 17663892084984964678

1952 pkoi the Digger (level 8, -11/62 HPs)
             Began as a Demigod Earth Elementalist on May 7, 2022.
             Mangled by an orc warrior
             ... wielding a +0 battleaxe
              (15 damage)
             ... on level 5 of the Dungeon.
             The game lasted 00:15:14 (9321 turns).

pkoi the Digger (Demigod Earth Elementalist)        Turns: 9321, Time: 00:15:14

Health: -11/62     AC:  6    Str:  9    XL:     8   Next: 66%
Magic:  16/17      EV: 13    Int: 25    God:
Gold:   356        SH:  0    Dex: 14    Spells: 9/15 levels left

rFire   . . .      SeeInvis .   g - +2 dagger (venom)
rCold   . . .      Faith    .   (no shield)
rNeg    . . .      Spirit   .   f - +1 robe
rPois   .          Reflect  .   n - +1 helmet
rElec   .          Harm     .   w - +0 cloak
rCorr   .          Rampage  .   (no gloves)
Will    .....                   (no boots)
Stlth   +.........              (no amulet)
HPRegen 0.20/turn               (no ring)
MPRegen 0.15/turn               (no ring)

@: silenced
A: high MP 1, forlorn, divine attributes
a: no special abilities


You were on level 5 of the Dungeon.
You visited 1 branch of the dungeon, and saw 6 of its levels.

You collected 356 gold pieces.

Inventory:

Hand Weapons
 d - a +0 short sword
 g - a +2 dagger of venom (weapon)
 m - a +4 dagger of freezing
 s - a +3 whip of holy wrath
Missiles
 c - 46 stones
 k - 8 poisoned darts
Armour
 b - a +0 robe
 f - a +1 robe (worn)
 n - a +1 helmet (worn)
 w - a +0 cloak (worn)
Jewellery
 y - a ring of fire
Scrolls
 i - 3 scrolls of identify
 q - 2 scrolls of brand weapon
 r - a scroll of immolation {unknown}
 t - a scroll of vulnerability {unknown}
 v - a scroll of fog {unknown}
 x - a scroll of enchant armour
Potions
 e - a potion of might
 h - 2 potions of mutation {unknown}
 j - a potion of ambrosia {unknown}
 l - a potion of haste {unknown}
 o - a potion of attraction {unknown}
 p - 3 potions of heal wounds
 u - a potion of brilliance {unknown}
 z - a potion of flight {unknown}


   Skills:
 + Level 2.6 Fighting
 + Level 1.6 Armour
 + Level 3.4 Dodging
 - Level 1.7 Stealth
 - Level 2.0 Unarmed Combat
 - Level 4.0 Spellcasting
 + Level 4.3 Conjurations
 - Level 2.0 Transmutations
 * Level 7.3 Earth Magic


You had 9 spell levels left.
You knew the following spells:

 Your Spells              Type           Power      Damage    Failure   Level
a - Sandblast             Erth           82%        2d17      1%          1
b - Passwall              Tmut/Erth      23%        N/A       1%          2
c - Stone Arrow           Conj/Erth      68%        3d11      2%          3

Your spell library contained the following spells:

 Spells                   Type           Power      Damage    Failure   Level
 Petrify                  Tmut/Erth      28%        N/A       13%         4


Dungeon Overview and Level Annotations

Branches:
Dungeon (6/15)
 Temple: D:4-7

Shops:
D:1 ?


Innate Abilities, Weirdness & Mutations

You have an increased reservoir of magic. (+10% MP)
You shall have no god before yourself.
Your divine heritage dramatically boosts your attributes as you level up.


Message History

The orc warrior is lightly wounded.
The orc warrior closely misses you.
You closely miss the orc warrior.
The orc warrior is lightly wounded.
The orc warrior hits you with a +0 battleaxe!
* * * LOW HITPOINT WARNING * * *
You hit the orc warrior but do no damage.
The orc warrior is lightly wounded.
The orc warrior barely misses you.
You hit the orc warrior but do no damage.
The orc warrior is poisoned.
The orc warrior is lightly wounded.
The orc warrior hits you with a +0 battleaxe.
* * * LOW HITPOINT WARNING * * *
There is an open door here.
The orc warrior looks more healthy.
You hit the orc warrior but do no damage.
The orc warrior is poisoned.
The orc warrior is moderately wounded.
The orc warrior hits you with a +0 battleaxe!
* * * LOW HITPOINT WARNING * * *
You barely miss the orc warrior.
The orc warrior is moderately wounded.
The orc warrior misses you.
You closely miss the orc warrior.
The orc warrior is heavily wounded.
The orc warrior hits you with a +0 battleaxe!!
* * * LOW HITPOINT WARNING * * *
The orc warrior looks more healthy.
Aiming: Sandblast (safe; 1% risk of failure)
Press: ? - help, Q - select action, (/) - cycle Shift-Dir - straight line, f - orc warrior
Aim: an orc warrior, wielding a +0 battleaxe and wearing a +0 chain mail (heavily wounded, 81% to hit)
The blast of sand hits the orc warrior but does no damage.
The orc warrior is heavily wounded.
The orc warrior hits you with a +0 battleaxe!
* * * LOW HITPOINT WARNING * * *
As you read the scroll labelled IDAWAA LOZOYJU, it crumbles to dust.
A profound silence engulfs you.
It was a scroll of silence.
The orc warrior hits you with a +0 battleaxe!
You die...

........###....#
#######..#..####
##....# ####.# #.#
#.######## #.##.....#
########.##.....#######
#............@o.......#
#.######.##.....#####.#
#.# ##...#.....# #.#
####.# #.....######
###.# ...>.# ##...##
#...# .##### ##.##
#.### .# #.# #.# .#####
#.# #.# .....# ##'##
#.#


You could see an orc warrior.

Vanquished Creatures
  Grinder (D:5)
  Sigmund (D:4)
  Duvessa (D:5)
  A sky beast (D:5)
  An ice beast (D:6)
  3 necrophages
  A centaur (D:6)
  A phantom (D:5)
  2 elf skeletons (D:4)
  3 scorpions
  A water moccasin zombie (D:6)
  Dowan (D:5)
  A jelly (D:4)
  An orc priest (D:3)
  3 hounds
  3 iguanas (D:5)
  Jessica (D:2)
  A bullfrog skeleton (D:6)
  An orc wizard (D:4)
  4 gnolls (D:2)
  9 adders
  2 adder skeletons (D:4)
  2 worms
  A dart slug (D:4)
  9 orcs
  11 ball pythons
  6 endoplasms
  A giant cockroach (D:3)
  7 goblins
  5 hobgoblins
  3 jackals (D:2)
  5 kobolds
  4 bats
  3 orc skeletons (D:4)
  An orc zombie (D:4)
  7 rats
108 creatures vanquished.

Notes
Turn   | Place    | Note
-------+----------+-------------------------------------------
     0 | D:1      | pkoi the Demigod Earth Elementalist began the quest for the
                  | Orb.
     0 | D:1      | Reached XP level 1. HP: 14/14 MP: 5/5
    68 | D:1      | Found Kaneonat's Magic Scroll Emporium.
   300 | D:1      | Reached skill level 1 in Transmutations
   808 | D:1      | Reached skill level 3 in Earth Magic
  1044 | D:1      | Reached XP level 2. HP: 20/20 MP: 2/7
  1302 | D:2      | Reached XP level 3. HP: 18/26 MP: 8/8
  2513 | D:2      | Noticed Jessica
  2519 | D:2      | Killed Jessica
  2520 | D:2      | Reached XP level 4. HP: 30/33 MP: 10/10
  3429 | D:2      | Reached skill level 1 in Conjurations
  3429 | D:2      | Reached skill level 4 in Earth Magic
  4257 | D:3      | Reached XP level 5. HP: 31/38 MP: 11/11
  5678 | D:4      | Reached XP level 6. HP: 34/45 MP: 13/13
  6060 | D:4      | Reached skill level 5 in Earth Magic
  6184 | D:4      | Learned a level 2 spell: Passwall
  6188 | D:4      | Learned a level 3 spell: Stone Arrow
  6528 | D:4      | Noticed Sigmund
  6543 | D:4      | Killed Sigmund
  6544 | D:4      | Reached XP level 7. HP: 22/50 MP: 9/15
  7086 | D:5      | Entered Level 5 of the Dungeon
  7358 | D:5      | Reached skill level 6 in Earth Magic
  7437 | D:5      | Reached skill level 1 in Unarmed Combat
  7742 | D:5      | Reached skill level 1 in Fighting
  8049 | D:5      | Noticed Duvessa
  8051 | D:5      | Killed Duvessa
  8071 | D:5      | Noticed Dowan
  8075 | D:5      | Killed Dowan
  8076 | D:5      | Reached XP level 8. HP: 59/59 MP: 13/17
  8404 | D:5      | Noticed Grinder
  8412 | D:5      | Killed Grinder
  9037 | D:6      | Reached skill level 1 in Armour
  9037 | D:6      | Reached skill level 7 in Earth Magic
  9320 | D:5      | HP: 3/62 [orc warrior/+0 battleaxe (9)]
  9321 | D:5      | Mangled by an orc warrior

Illustrated notes

Levels and vault maps discovered:
D:1:      psy_arrival_radial01, layout_loops_ring, serial_shops, shop_coins
D:2:      minmay_skewed_foursquare, layout_loops_ring, basic_altar,
          hangedman_feature_mirror, uniq_jessica
D:3:      layout_basic, basic_ecumenical_altar
D:4:      layout_basic, nicolae_ossuary_entry_catacombs, uniq_sigmund
D:5:      layout_loops_corners, chequers_temple_overflow_statue_of_worship,
          uniq_grinder, uniq_duvessa
D:6:      hellmonk_warped_wall, layout_cave_pools

Skill      XL: |  1  2  3  4  5  6  7  8 |
---------------+-------------------------+-----
Transmutations | 1 2 |  2.0
Earth Magic    | 3 4 5 6 7 |  7.3
Spellcasting   | 2 3 4 |  4.0
Conjurations   | 1 2 3 4 |  4.3
Dodging        | 2 3 |  3.4
Unarmed Combat | 1 2 |  2.0
Fighting       | 1 2 |  2.6
Armour         | 1 |  1.6
Stealth        | |  1.7

Action                   |  1- 3 |  4- 6 |  7- 9 || total
-------------------------+-------+-------+-------++-------
Melee: Short sword       |    15 |       |       ||    15
       Unarmed           |     1 |       |       ||     1
       Dagger            |    51 |   160 |    49 ||   260
       Punch             |       |     3 |       ||     3
       Whip              |       |       |    13 ||    13
 Cast: Sandblast         |     6 |    28 |    57 ||    91
       Stone Arrow       |       |     4 |       ||     4
  Use: Scroll            |       |     7 |     1 ||     8
 Stab: Sleeping          |     2 |     3 |       ||     5
Armor: Robe              |     6 |    33 |    25 ||    64
Dodge: Dodged            |    33 |   109 |    47 ||   189
